 Dungeon Crawl Stone Soup version 0.32-a0-422-g28b100f618 (webtiles) character file.

Game seed: 17356129300670477921

562 cforsyth the Slasher (level 7, -3/55 HPs)
             Began as a Coglin Gladiator on Feb 21, 2024.
             Incinerated by a bombardier beetle (6 damage)
             ... with a burning spray
             ... on level 5 of the Dungeon.
             The game lasted 00:04:46 (3283 turns).

cforsyth the Slasher (Coglin Gladiator)             Turns: 3283, Time: 00:04:46

Health: -3/55      AC: 12    Str: 14    XL:     7   Next: 32%
Magic:  7/7        EV: 23    Int:  7    God:
Gold:   202        SH:  0    Dex: 18    Spells: 6/6 levels left

rFire   . . .        a - +0 long sword {Daeho}
rCold   + . .        p - +0 long sword {Qiang}
rNeg    . . .        s - +0 chain mail {rC+}
rPois   .            v - +1 helmet
rElec   .            (no cloak)
rCorr   .            x - +0 pair of gloves
SInv    .            (no boots)
Will    .....        b - amulet of the acrobat Stlth
                     L - ring of flight
HPRegen 0.29/turn    (no ring)
MPRegen 0.10/turn

%: acrobat
@: on fire, acrobatic, attractive, flying, glowing, revving
A: off-hand wielding, slow wielding, warmup strikes, legs shutdown
a: no special abilities


You were on level 5 of the Dungeon.
You visited 1 branch of the dungeon, and saw 5 of its levels.

You collected 202 gold pieces.


Innate Abilities, Weirdness & Mutations

You can wield a second weapon in your off-hand.
It takes a long time for you to wield or remove held weapons.
Your first few attacks do less damage.
Attacking and casting redirects power from your legs.


   Skills:
 + Level 4.8 Fighting
 + Level 5.2 Long Blades
 - Level 1.7 Throwing
 + Level 3.7 Armour
 - Level 2.6 Dodging


You had 6 spell levels left.
You didn't know any spells.
Your spell library contained the following spells:

 Spells                   Type           Power      Damage    Failure   Level
 Apportation              Tloc           0%         N/A       100%        1
 Jinxbite                 Hex            0%         N/A       100%        2
 Fugue of the Fallen      Necr           0%         N/A       100%        3
 Hailstorm                Conj/Ice       0%         3d5       100%        3
 Ozocubu's Armour         Ice            0%         N/A       100%        3
 Summon Ice Beast         Ice/Summ       0%         N/A       100%        3
 Manifold Assault         Tloc           0%         N/A       100%        4
 Alistair's Intoxication  Alch           0%         N/A       100%        5
 Sculpt Simulacrum        Ice/Alch       0%         N/A       100%        6

Inventory:

Hand Weapons
 a - a +0 long sword (weapon) {Daeho}
 p - a +0 long sword (offhand) {Qiang}
Missiles
 d - 3 throwing nets (quivered) {=f}
 e - 4 javelins
Armour
 l - a +0 plate armour
 s - a +0 chain mail of cold resistance (worn)
 v - a +1 helmet (worn)
 x - a +0 pair of gloves (worn)
Jewellery
 b - an amulet of the acrobat (around neck)
 L - a ring of flight (left grasper)
Scrolls
 c - a scroll of fear {unknown}
 g - a scroll of fog {unknown}
 h - 2 scrolls of identify {unknown}
 i - 4 scrolls of teleportation {unknown}
 j - 3 scrolls of revelation {unknown}
 o - a scroll of immolation {unknown}
 t - a scroll of vulnerability {unknown}
 u - a scroll of amnesia {unknown}
Potions
 f - a potion of berserk rage {unknown}
 k - a potion of enlightenment {unknown}
 m - a potion of magic {unknown}
 n - a potion of invisibility {unknown}
 q - a potion of curing {unknown}
 r - a potion of attraction
 w - a potion of resistance {unknown}
 z - a potion of degeneration {unknown}

Dungeon Overview and Level Annotations

Branches:
Dungeon (5/15)
 Temple: D:4-7

Altars:
Cheibriados
Elyvilon
Xom
The Shining One
Beogh

Shops:
D:1 :   D:3 =

Annotations:
D:4 3 runed translucent doors, dogverified's ghost, amateur GrFi

.....##.#†#####.#
.....##.#.#.###.
.................
...............##
.................
##.###....#.##..#
# #....#.# ..
#.##.###.?....# .
......)@......#
#.....)#+#..#.#
#.#.##. ...... #
## ......#
##....# .... ...


There were no monsters in sight!


Message History

You cannot move.
You hit the gnoll with your +0 long sword.
The gnoll is heavily wounded.
You hit the gnoll with your +0 long sword.
The liquid fire burns you! The gnoll hits you with a +0 flail.
You slash the gnoll with your +0 long sword!
You kill the gnoll!
The liquid fire burns you!
* * * LOW HITPOINT WARNING * * *
You cannot move.
The liquid fire burns you!
* * * LOW HITPOINT WARNING * * *
You are no longer unable to travel.
You are on fire!
You are on fire!
The liquid fire burns you!
* * * LOW HITPOINT WARNING * * *
The liquid fire burns you!
* * * LOW HITPOINT WARNING * * *
The liquid fire burns you!
* * * LOW HITPOINT WARNING * * *
The liquid fire burns you!
* * * LOW HITPOINT WARNING * * *
The liquid fire burns you!
* * * LOW HITPOINT WARNING * * *
It was a potion of attraction.
You feel attractive to monsters. The liquid fire burns you!
You die...

Skill      XL: |  1  2  3  4  5  6 |
---------------+-------------------+-----
Armour         | 1 2 3 |  3.7
Fighting       | 3 4 |  4.8
Long Blades    | 4 5 |  5.2
Throwing       | |  1.7
Dodging        | |  2.6

Action                     |  1- 3 |  4- 6 |  7- 9 || total
---------------------------+-------+-------+-------++-------
  Melee: Long sword        |    67 |   230 |    39 ||   336
    Use: Potion            |       |       |     1 ||     1
   Stab: Sleeping          |     2 |       |       ||     2
 Armour: Leather armour    |    46 |    11 |       ||    57
         Plate armour      |       |   108 |       ||   108
         Chain mail        |       |    26 |    17 ||    43
  Dodge: Dodged            |    62 |    75 |    12 ||   149

Levels and vault maps discovered:
D:1:      zelgadis_glass_arrival_large, layout_loops_cross, serial_shops,
          nicolae_shop_statue_plus
D:2:      layout_basic, minmay_rat_gold_closets
D:3:      layout_loops_ring, mainiacjoe_overflow_catwalk,
          nicolae_elyvilon_peaceful_grove, serial_shops,
          nicolae_shop_window_shopping, uniq_sigmund, uniq_robin
D:4:      layout_cave_pools, cheibriados_altar_1, nicolae_tso_besieged_by_evil,
          biasface_ghost_orc_armoury
D:5:      layout_basic, kennysheep_mini, ebering_ghost_reflecting_pool

Notes
Turn   | Place    | Note
-------+----------+-------------------------------------------
     0 | D:1      | cforsyth the Coglin Gladiator began the quest for the Orb.
     0 | D:1      | Reached XP level 1. HP: 16/16 MP: 1/1
    73 | D:1      | Found Gokih's Book Boutique.
   182 | D:1      | Reached XP level 2. HP: 22/22 MP: 2/2
   373 | D:1      | Reached skill level 1 in Armour
   379 | D:1      | Reached XP level 3. HP: 24/28 MP: 3/3
   756 | D:2      | Reached XP level 4. HP: 24/34 MP: 4/4
   967 | D:2      | Reached skill level 3 in Fighting
  1481 | D:2      | Reached skill level 2 in Armour
  1590 | D:2      | Reached skill level 4 in Long Blades
  1595 | D:2      | Reached XP level 5. HP: 23/41 MP: 5/5
  1933 | D:3      | Noticed Sigmund
  1938 | D:2      | Killed Sigmund
  1939 | D:2      | Reached skill level 4 in Fighting
  1939 | D:2      | Reached XP level 6. HP: 38/48 MP: 6/6
  1985 | D:3      | Reached skill level 3 in Armour
  2012 | D:3      | Noticed Robin
  2061 | D:3      | Killed Robin
  2113 | D:3      | Found a white marble altar of Elyvilon.
  2371 | D:3      | Found a shimmering altar of Xom.
  2525 | D:3      | Found Geusius's Jewellery Shoppe.
  2676 | D:4      | Found a runed translucent gate.
  2677 | D:4      | Found a runed translucent gate.
  2678 | D:4      | Found a runed translucent gate.
  2680 | D:4      | Noticed dogverified's ghost (amateur GrFi)
  2681 | D:4      | Found a snail-covered altar of Cheibriados.
  2682 | D:4      | Found a roughly hewn altar of Beogh.
  2979 | D:4      | Found a glowing golden altar of the Shining One.
  2999 | D:4      | Reached skill level 5 in Long Blades
  2999 | D:4      | Reached XP level 7. HP: 52/55 MP: 7/7
  3248 | D:5      | Entered Level 5 of the Dungeon
  3282 | D:5      | HP: 3/55 [burnt (6)]
  3283 | D:5      | Incinerated by a bombardier beetle

Vanquished Creatures
  Sigmund (D:2)
  A crimson imp (D:4)
  A bombardier beetle (D:5)
  2 hounds
  Robin (D:3)
  3 gnolls (D:5)
  6 adders
  A ribbon worm (D:2)
  2 dart slugs
  5 orcs
  10 ball pythons
  7 endoplasms
  2 giant cockroaches
  13 goblins
  13 hobgoblins
  7 jackals (D:1)
  3 kobolds
  A quokka (D:2)
  5 bats
  5 frilled lizards
  2 goblin skeletons (D:4)
  A goblin zombie (D:4)
  A hobgoblin zombie (D:4)
  A kobold zombie (D:4)
  3 orc skeletons (D:4)
  An orc zombie (D:4)
  14 rats
112 creatures vanquished.

Table legend: (Time is in decaauts)
 A = Elapsed time spent in this place.
 B = Non-inter-level travel time spent in this place.
 C = Inter-level travel time spent in this place.
 D = Time resting spent in this place.
 E = Time spent auto-exploring this place.
 F = Levels seen in this place.
 G = Mean time per level.
                   A        B        C        D        E       F      G
               +--------+--------+--------+--------+--------+-----+--------+
         Total |   3333 |   3097 |    236 |    142 |   2243 |   5 |  666.6 |
       Dungeon |   3333 |   3097 |    236 |    142 |   2243 |   5 |  666.6 |
               +--------+--------+--------+--------+--------+-----+--------+

Top non-repeatable levels by time:
     D:2: 1160 daAuts
     D:1: 874 daAuts
     D:3: 663 daAuts
     D:4: 598 daAuts
     D:5: 36 daAuts

Table legend:
 A = Non-vault XP
 B = Vault XP
 C = Vault XP percentage of total XP
 D = Non-vault monster count
 E = Vault monster count
 F = Vault count percentage of total count
                 A         B        C        D         E       F
            +---------+---------+-------+---------+---------+-------
      Total |     458 |     346 |  43.0 |      80 |      32 |  28.6
            +---------+---------+-------+---------+---------+-------
        D:1 |      65 |       0 |   0.0 |      24 |       0 |   0.0
        D:2 |     105 |     246 |  70.1 |      20 |      15 |  42.9
        D:3 |      74 |      33 |  30.8 |      18 |       7 |  28.0
        D:4 |      79 |      67 |  45.9 |      13 |      10 |  43.5
        D:5 |     135 |       0 |   0.0 |       5 |       0 |   0.0
            +---------+---------+-------+---------+---------+-------
